 Dungeon Crawl Stone Soup version 0.30.0-19-g36f170ea60 (webtiles) character file.

Game seed: 17111396508083355718

53 stipulation the Chopper (level 3, -1/31 HPs)
             Began as a Minotaur Fighter on May 28, 2023.
             Slain by an orc
             ... wielding a +0 hand axe
              (4 damage)
             ... on level 3 of the Dungeon.
             The game lasted 00:00:54 (1624 turns).

stipulation the Chopper (Minotaur Fighter)          Turns: 1624, Time: 00:00:54

Health: -1/31      AC:  6    Str: 22    XL:     3   Next: 62%
Magic:  2/2        EV:  9    Int:  5    God:
Gold:   135        SH:  4    Dex:  9    Spells: 2/2 levels left

rFire   . . .        a - +0 war axe
rCold   . . .        c - +0 buckler
rNeg    . . .        b - +0 scale mail
rPois   .            (helmet restricted)
rElec   .            (no cloak)
rCorr   .            (no gloves)
SInv    .            (no boots)
Will    .....        (no amulet) Stlth
                     (no ring)
HPRegen 0.25/turn    (no ring)
MPRegen 0.08/turn

%: no passive effects
@: no status effects
A: horns 2, retaliatory headbutt
a: no special abilities


You were on level 3 of the Dungeon.
You visited 1 branch of the dungeon, and saw 3 of its levels.

You collected 135 gold pieces.

Inventory:

Hand Weapons
 a - a +0 war axe (weapon)
Armour
 b - a +0 scale mail (worn)
 c - a +0 buckler (worn)
Scrolls
 e - a scroll of brand weapon {unknown}
 f - a scroll of poison {unknown}
 g - a scroll of identify {unknown}
 h - a scroll of enchant weapon {unknown}
 i - a scroll of teleportation {unknown}
 l - a scroll of amnesia {unknown}
 m - a scroll of fear {unknown}
Potions
 d - a potion of might
 j - a potion of heal wounds {unknown}
 k - a potion of ambrosia {unknown}
 n - a potion of curing {unknown}


   Skills:
 - Level 3.6 Fighting
 + Level 4.8 Axes
 - Level 3.6 Armour
 + Level 0.5 Dodging
 - Level 3.6 Shields


You had 2 spell levels left.
You didn't know any spells.
Your spell library was empty.

Dungeon Overview and Level Annotations

Branches:
Dungeon (3/15)

Altars:
Ru


Innate Abilities, Weirdness & Mutations

You have a pair of horns on your head.
You reflexively headbutt those who attack you in melee.


Message History

You hear some strange, mumbled words.
You are confused.
You closely miss the orc. You completely miss something. Something hits you.
The orc barely misses you.
You bump into the rock wall.
An orc comes into view. It is wielding a +0 hand axe.
You hear some strange, mumbled words.
You are more confused.
The orc hits you but does no damage.
You barely miss the orc. Your headbutt misses the orc.
You closely miss something. Something hits you.
The orc hits you but does no damage.
You're too confused to move!
Something hits you. The orc hits you but does no damage.
You miss something. You hit the orc but do no damage.
Something hits you but does no damage. The orc hits you but does no damage.
The orc closely misses you. Something hits you but does no damage.
You closely miss the orc. Your headbutt misses the orc.
You closely miss something. Something hits you. The orc barely misses you.
You bump into the rock wall.
Something hits you but does no damage. The orc hits you with a +0 hand axe.
You bump into the rock wall.
Something hits you but does no damage. The orc barely misses you.
You miss something. Your headbutt misses something. You miss the orc.
Something hits you. The orc hits you but does no damage.
You closely miss something. You completely miss the orc. Something hits you.
* * * LOW HITPOINT WARNING * * *
The orc hits you but does no damage.
You miss something. Your headbutt misses something. You closely miss the orc.
You feel less confused. Something hits you but does no damage.
You hit the orc.
The orc is severely wounded.
You miss something.
You hear some strange, mumbled words.
A puff of flame appears from out of thin air!
The puff of flame hits you.
* * * LOW HITPOINT WARNING * * *
The orc hits you with a +0 hand axe.
You die...

## .. ####.####
######## #......o#
####.......
#{######.......##.
#@o......##.#..##.
###########.#.....
#.#.##.. #.#(##..
##.......
#.).....#
#.###.... #. #.#.#
# #....#


You could see 2 orcs.

Vanquished Creatures
  A gnoll (D:1)
  An adder (D:2)
  A worm (D:2)
  A dart slug (D:1)
  An orc (D:3)
  3 endoplasms (D:1)
  2 giant cockroaches (D:1)
  A goblin (D:2)
  6 hobgoblins
  2 jackals (D:1)
  A ball python (D:2)
  2 bats (D:1)
  4 rats
26 creatures vanquished.

Notes
Turn   | Place    | Note
-------+----------+-------------------------------------------
     0 | D:1      | stipulation the Minotaur Fighter began the quest for the
                  | Orb.
     0 | D:1      | Reached XP level 1. HP: 19/19 MP: 0/0
    49 | D:1      | Reached skill level 3 in Axes
   160 | D:1      | Reached XP level 2. HP: 26/26 MP: 1/1
   336 | D:1      | Reached skill level 4 in Axes
   426 | D:1      | Reached XP level 3. HP: 25/31 MP: 2/2
   921 | D:2      | Found a sacrificial altar of Ru.
  1156 | D:2      | Identified the +7 hand axe of True Grit {antimagic, SInv}
  1302 | D:2      | Found a faded altar of an unknown god.
  1624 | D:3      | Slain by an orc

Illustrated notes

Levels and vault maps discovered:
D:1:      sevenhm_arrival_forest_fort_small_6, layout_basic
D:2:      layout_loops_ring, basic_altar, dilly_ecumenical_altar_fadedgnrine
D:3:      layout_loops_cross

Skill      XL: |  1  2 |
---------------+-------+-----
Axes           | 3 4 |  4.8
Fighting       | |  3.6
Armour         | |  3.6
Dodging        | |  0.5
Shields        | |  3.6

Action                     || total
---------------------------++-------
  Melee: War axe           ||    66
         Headbutt          ||     5
 Armour: Scale mail        ||    28
  Dodge: Dodged            ||    32
  Block: Buckler           ||     7
